Wild vs Flyers

Created - Thursday, November 20, 2014 at 21:29

Goals
1 2 3 T
Wild 1 1 0 2
Flyers 2 1 2 5
Shots
1 2 3 T
Wild 15 14 4 33
Flyers 9 8 13 30

1st period

1. Flyers , Bryan Little 5 (Mikko Koivu, P.K. Subban) at 10:40 (PP)
2. Flyers , Slava Voynov 3 (Jason Chimera) at 13:42 (SH)
3. Wild , Thomas Vanek 8 (Jordan Eberle, Patrik Elias) at 15:06

Penalties :
Evgeni Malkin (Phi) for Interference (Minor) at 4:25, Maxime Talbot (Min) for Interference (Minor) at 4:56, Brad Marchand (Min) for Hooking (Minor) at 10:03, Gabriel Landeskog (Phi) for Hooking (Minor) at 12:56, Gabriel Landeskog (Phi) for Interference (Minor) at 16:18

2nd period

4. Flyers , Chris Kreider 1 (Jason Chimera, Niklas Kronwall) at 1:30
5. Wild , Alexandre Burrows 6 (Mark Streit, Maxime Talbot) at 7:03 (PP)

Penalties :
Maxime Talbot (Min) for Interference (Minor) at 1:35, Niklas Kronwall (Phi) for Roughing (Minor) at 5:21, Cody McLeod (Phi) for Interference (Minor) at 13:32

3rd period

6. Flyers , Niklas Kronwall 6 (Evgeni Malkin, Taylor Hall) at 4:37
7. Flyers , Chris Kreider 2 (Jason Chimera) at 17:18

Penalties :
Brad Marchand (Min) for Elbowing (Minor) at 11:13, Bryce Salvador (Min) for Roughing (Minor) at 19:53

Goalie Stats

Antti Niemi (Min), 10 saves from 11 shots - (0.909), 15:23 minutes
Niklas Backstrom (Min), 15 saves from 19 shots - (0.789), L, 2-4-0, 44:37 minutes
Corey Crawford (Phi), 31 saves from 33 shots - (0.939), W, 11-2-1, 60:00 minutes

Players Stats for Wild

Player Name              G  A  P  +/- PIM S  H  SB GA TA FO     MP     PP MP  PK MP  
------------------------------------------------------------------------------------
Alexandre Burrows        1  0  1  -1  0   1  1  0  0  1  0/2    15:58   3:40   0:00 
Brad Marchand            0  0  0  -2  4   0  1  1  2  0  1/2    13:20   0:00   0:00 
Bryce Salvador           0  0  0  -1  2   3  0  1  0  0  0/0    22:14   3:20   2:55 
Chris Neil               0  0  0  -1  0   0  1  0  0  0  0/0     8:06   0:00   0:00 
Cody Franson             0  0  0  -2  0   4  1  2  1  1  0/0    27:05   4:50   2:11 
Dan Boyle                0  0  0  -2  0   1  0  0  0  0  0/0    25:27   4:50   2:11 
Derek Stepan             0  0  0  -1  0   4  2  1  2  0  8/18   16:38   3:40   0:29 
Drew Miller              0  0  0  -1  0   3  0  0  3  0  0/0     9:56   0:00   1:15 
Jerred Smithson          0  0  0  -1  0   1  2  1  0  0  1/4     8:41   0:00   0:18 
Jordan Eberle            0  1  1   1  0   2  0  0  2  1  0/0    16:04   4:30   0:29 
Luke Schenn              0  0  0   0  0   0  2  0  0  1  0/0    15:39   0:00   2:30 
Marek Zidlicky           0  0  0   0  0   0  1  1  0  0  0/0    10:34   0:00   0:00 
Mark Streit              0  1  1  -1  0   3  0  0  2  0  0/0    19:00   3:20   0:37 
Maxime Talbot            0  1  1  -1  4   1  1  0  0  0  0/0    14:39   3:39   0:00 
Michal Handzus           0  0  0  -2  0   1  0  0  0  0  6/9    13:05   0:00   0:00 
Patrik Elias             0  1  1   1  0   3  1  1  2  0  9/23   21:26   4:30   4:15 
Thomas Vanek             1  0  1   1  0   5  3  1  4  0  1/2    22:18   4:30   3:38 
Tuomo Ruutu              0  0  0  -2  0   1  5  0  2  0  0/0    13:05   0:00   0:00 

Players Stats for Flyers

Player Name              G  A  P  +/- PIM S  H  SB GA TA FO     MP     PP MP  PK MP  
------------------------------------------------------------------------------------
Beau Bennett             0  0  0   0  0   0  0  0  2  1  0/3     8:51   0:00   0:00 
Brian Strait             0  0  0   1  0   1  0  1  0  0  0/0    10:44   0:00   0:00 
Bryan Little             1  0  1   0  0   4  3  0  1  0  0/1    16:18   2:59   0:43 
Chris Kreider            2  0  2   2  0   2  3  0  2  1  0/0    10:35   0:00   0:00 
Cody McLeod              0  0  0  -1  2   0  1  0  0  0  0/0    11:47   0:00   1:19 
Evgeni Malkin            0  1  1   1  2   3  1  0  1  0  12/18  15:27   2:38   0:00 
Gabriel Landeskog        0  0  0  -1  4   2  2  1  1  0  0/1    14:45   2:34   0:00 
Jack Johnson             0  0  0   0  0   1  0  2  0  1  0/0    20:26   0:00   4:35 
Jakub Voracek            0  0  0   1  0   0  0  0  0  0  3/3    15:52   2:13   0:00 
Jason Chimera            0  3  3   3  0   1  1  0  0  0  0/0    16:43   0:00   6:08 
Kris Letang              0  0  0   2  0   2  0  1  0  3  0/0    23:39   2:37   3:35 
Mark Letestu             0  0  0   3  0   2  0  1  0  0  10/15  16:43   0:00   6:08 
Mikko Koivu              0  1  1  -1  0   1  0  0  1  0  7/11   17:30   2:34   2:02 
Niklas Kronwall          1  1  2   2  2   5  1  4  2  2  0/0    23:47   2:35   2:47 
P.K. Subban              0  1  1   0  0   2  1  2  2  1  0/0    19:18   2:37   0:05 
Riley Nash               0  0  0   0  0   0  2  1  0  0  2/7     8:51   0:00   0:00 
Slava Voynov             1  0  1   1  0   4  2  0  0  1  0/0    22:05   2:35   5:18 
Taylor Hall              0  1  1   1  0   0  0  1  1  1  0/1    16:56   2:38   0:00 

3 Stars

1 - Chris Kreider (Phi)
2 - Jason Chimera (Phi)
3 - Niklas Kronwall (Phi)

Power Play

Wild - 1 on 5 Attempt(s) - 20.00%
Flyers - 1 on 5 Attempt(s) - 20.00%

Penalty Kill

Wild - 4 on 5 Attempt(s) - 80.00% - Score 0 goal in Penalty Kill
Flyers - 4 on 5 Attempt(s) - 80.00% - Score 1 goal in Penalty Kill

Official

Referees : Unknown
Linesman : Unknown

Game Notes

Antti Niemi enters game at 4:37 of 3rd period
16:56 of 3rd period - Flyers goal is going for a video replay. After video review, No Goal. The attacking player has interfered with a goalkeeper in his goal crease.

Finance

Level 1 -- Attendance: 5245 (87.42%) -- Ticket Income $419,600
Level 2 -- Attendance: 4360 (87.20%) -- Ticket Income $239,800
Level 3 -- Attendance: 1579 (78.95%) -- Ticket Income $52,107
Level 4 -- Attendance: 3893 (97.33%) -- Ticket Income $70,074
Luxury Box -- Attendance: 1000 (100.00%) -- Ticket Income $175,000
Game was played at the Wachovia Center
Total Attendance: 16077 (89.32%)
Total Ticket Income: $956,581
Other Income: $468,725
Total Income: $1,425,306

Wild

5 vs 5 Forward 
   Center                   Left Wing                Right Wing               Time % Phy DF OF 
 1 Derek Stepan             Thomas Vanek             Alexandre Burrows        35     1   2  2  
 2 Patrik Elias             Maxime Talbot            Jordan Eberle            30     1   2  2  
 3 Michal Handzus           Brad Marchand            Tuomo Ruutu              22     1   2  2  
 4 Jerred Smithson          Drew Miller              Chris Neil               13     1   2  2  

5 vs 5 Defense 
   Defense                  Defense                                           Time % Phy DF OF 
 1 Cody Franson             Dan Boyle                                         35     1   2  2  
 2 Bryce Salvador           Mark Streit                                       30     1   2  2  
 3 Luke Schenn              Marek Zidlicky                                    22     1   2  2  
 4 Cody Franson             Luke Schenn                                       13     1   2  2  

PowerPlay Forward 
   Center                   Left Wing                Right Wing               Time % Phy DF OF 
 1 Patrik Elias             Thomas Vanek             Jordan Eberle            60     1   2  2  
 2 Derek Stepan             Maxime Talbot            Alexandre Burrows        40     1   2  2  

PowerPlay Defense
   Defense                  Defense                                           Time % Phy DF OF 
 1 Cody Franson             Dan Boyle                                         60     1   2  2  
 2 Bryce Salvador           Mark Streit                                       40     1   2  2  

Penalty Kill 4 Players Forward 
   Center                   Wing                     Time % Phy DF OF 
 1 Patrik Elias             Thomas Vanek             60     1   2  2  
 2 Jordan Eberle            Derek Stepan             40     1   2  2  

Penalty Kill 4 Players Defense
   Defense                  Defense                  Time % Phy DF OF 
 1 Cody Franson             Dan Boyle                60     1   2  2  
 2 Bryce Salvador           Luke Schenn              40     1   2  2  

Penalty Kill - 3 Players Forward 
   Forward                                           Time % Phy DF OF 
 1 Patrik Elias                                      60     1   2  2  
 2 Thomas Vanek                                      40     1   2  2  

Penalty Kill - 3 Players Defense
   Defense                  Defense                  Time % Phy DF OF 
 1 Cody Franson             Dan Boyle                60     1   2  2  
 2 Bryce Salvador           Luke Schenn              40     1   2  2  

4 vs 4 Forward 
   Center                   Wing                     Time % Phy DF OF 
 1 Patrik Elias             Thomas Vanek             60     1   2  2  
 2 Jordan Eberle            Derek Stepan             40     1   2  2  

4 vs 4 Defense
   Defense                  Defense                  Time % Phy DF OF 
 1 Cody Franson             Dan Boyle                60     1   2  2  
 2 Bryce Salvador           Mark Streit              40     1   2  2  

Last Minutes Offensive
   Center                   Left Wing                Right Wing               Defense                  Defense                  
   Patrik Elias             Thomas Vanek             Jordan Eberle            Cody Franson             Dan Boyle                

Last Minutes Defensive
   Center                   Left Wing                Right Wing               Defense                  Defense                  
   Patrik Elias             Thomas Vanek             Jordan Eberle            Cody Franson             Dan Boyle                

Goaltenders
Starting : Niklas Backstrom         
Backup : Antti Niemi              

Extra Forwards
Normal : Brad Marchand, Michal Handzus, Drew Miller - PP : Brad Marchand, Michal Handzus - PK : Drew Miller
Extra Defensemen
Normal : Mark Streit, Luke Schenn, Bryce Salvador - PP : Mark Streit - PK : Luke Schenn, Bryce Salvador
Penalty Shots
Patrik Elias, Thomas Vanek, Jordan Eberle, Derek Stepan, Alexandre Burrows

Flyers

5 vs 5 Forward 
   Center                   Left Wing                Right Wing               Time % Phy DF OF 
 1 Evgeni Malkin            Taylor Hall              Jakub Voracek            36     0   0  5  
 2 Mikko Koivu              Gabriel Landeskog        Bryan Little             32     0   2  3  
 3 Mark Letestu             Chris Kreider            Jason Chimera            20     0   3  2  
 4 Riley Nash               Cody McLeod              Beau Bennett             12     1   3  1  

5 vs 5 Defense 
   Defense                  Defense                                           Time % Phy DF OF 
 1 Jack Johnson             P.K. Subban                                       35     0   2  3  
 2 Kris Letang              Niklas Kronwall                                   35     0   2  3  
 3 Slava Voynov             Brian Strait                                      20     2   3  0  
 4 Slava Voynov             Niklas Kronwall                                   10     1   4  0  

PowerPlay Forward 
   Center                   Left Wing                Right Wing               Time % Phy DF OF 
 1 Evgeni Malkin            Taylor Hall              Jakub Voracek            60     0   0  5  
 2 Mikko Koivu              Gabriel Landeskog        Bryan Little             40     0   0  5  

PowerPlay Defense
   Defense                  Defense                                           Time % Phy DF OF 
 1 Kris Letang              P.K. Subban                                       60     0   1  4  
 2 Slava Voynov             Niklas Kronwall                                   40     0   1  4  

Penalty Kill 4 Players Forward 
   Center                   Wing                     Time % Phy DF OF 
 1 Mark Letestu             Jason Chimera            60     0   4  1  
 2 Mikko Koivu              Cody McLeod              40     0   5  0  

Penalty Kill 4 Players Defense
   Defense                  Defense                  Time % Phy DF OF 
 1 Jack Johnson             Slava Voynov             60     0   4  1  
 2 Kris Letang              Niklas Kronwall          40     0   5  0  

Penalty Kill - 3 Players Forward 
   Forward                                           Time % Phy DF OF 
 1 Mark Letestu                                      50     0   5  0  
 2 Bryan Little                                      50     0   5  0  

Penalty Kill - 3 Players Defense
   Defense                  Defense                  Time % Phy DF OF 
 1 Jack Johnson             P.K. Subban              60     0   5  0  
 2 Kris Letang              Niklas Kronwall          40     0   5  0  

4 vs 4 Forward 
   Center                   Wing                     Time % Phy DF OF 
 1 Evgeni Malkin            Taylor Hall              60     0   1  4  
 2 Bryan Little             Jakub Voracek            40     0   1  4  

4 vs 4 Defense
   Defense                  Defense                  Time % Phy DF OF 
 1 Kris Letang              P.K. Subban              60     1   3  1  
 2 Slava Voynov             Niklas Kronwall          40     1   3  1  

Last Minutes Offensive
   Center                   Left Wing                Right Wing               Defense                  Defense                  
   Evgeni Malkin            Taylor Hall              Jakub Voracek            Niklas Kronwall          P.K. Subban              

Last Minutes Defensive
   Center                   Left Wing                Right Wing               Defense                  Defense                  
   Mikko Koivu              Mark Letestu             Bryan Little             Jack Johnson             Niklas Kronwall          

Goaltenders
Starting : Corey Crawford           
Backup : Darcy Kuemper            

Extra Forwards
Normal : Evgeni Malkin, Taylor Hall, Jakub Voracek - PP : Chris Kreider, Mark Letestu - PK : Bryan Little
Extra Defensemen
Normal : Niklas Kronwall, Slava Voynov, Jack Johnson - PP : Jack Johnson - PK : Slava Voynov, P.K. Subban
Penalty Shots
Taylor Hall, Bryan Little, Evgeni Malkin, Mikko Koivu, Gabriel Landeskog

% Time on Ice - Wild

Lines # - Real PCT - Wanted PCT - Time Play
Normal Forward
1 - 30% - 35% - 13:28
2 - 23% - 30% - 10:31
3 - 29% - 22% - 13:05
4 - 18% - 13% - 8:06
Normal Defense
1 - 38% - 35% - 17:09
2 - 35% - 30% - 15:49
3 - 23% - 22% - 10:34
4 - 4% - 13% - 1:38
PP Forward
1 - 55% - 60% - 4:30
2 - 45% - 40% - 3:40
PP Defense
1 - 59% - 60% - 4:50
2 - 41% - 40% - 3:20
PK Forward
1 - 91% - 60% - 4:43
2 - 9% - 40% - 0:29
PK Defense
1 - 42% - 60% - 2:11
2 - 58% - 40% - 3:01
PK3 Forward
1 - 0% - 60%
2 - 0% - 40%
PK3 Defense
1 - 0% - 60%
2 - 0% - 40%
44 Forward
1 - 88% - 60% - 1:17
2 - 13% - 40% - 0:11
44 Defense
1 - 88% - 60% - 1:17
2 - 13% - 40% - 0:11
Last Minute Offensive  - 0:00
Last Minute Defensive  - 0:00
Total
Forward - 60:00
Defense - 60:00

% Time on Ice - Flyers

Lines # - Real PCT - Wanted PCT - Time Play
Normal Forward
1 - 28% - 36% - 12:50
2 - 29% - 32% - 12:54
3 - 23% - 20% - 10:35
4 - 20% - 12% - 8:51
Normal Defense
1 - 37% - 35% - 16:33
2 - 35% - 35% - 15:50
3 - 24% - 20% - 10:44
4 - 5% - 10% - 2:03
PP Forward
1 - 51% - 60% - 2:38
2 - 49% - 40% - 2:34
PP Defense
1 - 50% - 60% - 2:37
2 - 50% - 40% - 2:35
PK Forward
1 - 75% - 60% - 6:08
2 - 25% - 40% - 2:02
PK Defense
1 - 56% - 60% - 4:35
2 - 44% - 40% - 3:35
PK3 Forward
1 - 0% - 50%
2 - 0% - 50%
PK3 Defense
1 - 0% - 60%
2 - 0% - 40%
44 Forward
1 - 100% - 60% - 1:28
2 - 0% - 40% - 0:00
44 Defense
1 - 63% - 60% - 0:55
2 - 38% - 40% - 0:33
Last Minute Offensive  - 0:00
Last Minute Defensive  - 0:00
Total
Forward - 60:00
Defense - 60:00

Play by Play

1st period


0:01 of 1st period - Evgeni Malkin wins face-off versus Derek Stepan in neutral zone.
1:31 of 1st period - Cody Franson is hit by Bryan Little and loses puck.
1:54 of 1st period - Snap shot by Chris Kreider.
1:54 of 1st period - Shot Misses the Net.
1:56 of 1st period - Slapshot by Kris Letang.
1:56 of 1st period - Stopped by Niklas Backstrom with a rebound.
1:58 of 1st period - Slapshot by Niklas Kronwall.
1:58 of 1st period - Stopped by Niklas Backstrom with a rebound.
2:00 of 1st period - Wrist shot by Mark Letestu.
2:00 of 1st period - Stopped by Niklas Backstrom without a rebound.
2:01 of 1st period - Michal Handzus wins face-off versus Riley Nash in Wild zone.
2:08 of 1st period - Slapshot by Mark Streit.
2:08 of 1st period - Shot Misses the Net.
2:38 of 1st period - Bryce Salvador is hit by Riley Nash and loses puck.
3:00 of 1st period - Chris Neil is hit by Chris Kreider and loses puck.
3:14 of 1st period - Jack Johnson is hit by Chris Neil and loses puck.
3:45 of 1st period - Wrist shot by Derek Stepan.
3:45 of 1st period - Stopped by Corey Crawford without a rebound.
3:46 of 1st period - Derek Stepan wins face-off versus Gabriel Landeskog in Flyers zone.
4:25 of 1st period - Minor Penalty to Evgeni Malkin for Interference.
4:26 of 1st period - Mark Letestu wins face-off versus Patrik Elias in Flyers zone.
4:45 of 1st period - Snap shot by Thomas Vanek.
4:45 of 1st period - Deflect By Jason Chimera.
4:45 of 1st period - Stopped by Corey Crawford with a rebound.
4:47 of 1st period - Slapshot by Cody Franson.
4:47 of 1st period - Shot Misses the Net.
4:49 of 1st period - Slapshot by Cody Franson.
4:49 of 1st period - Stopped by Corey Crawford without a rebound.
4:50 of 1st period - Mark Letestu wins face-off versus Derek Stepan in Flyers zone.
4:56 of 1st period - Minor Penalty to Maxime Talbot for Interference.
4:57 of 1st period - Jakub Voracek wins face-off versus Patrik Elias in Wild zone.
5:29 of 1st period - Slapshot by P.K. Subban.
5:29 of 1st period - Shot Blocked by Cody Franson.
5:41 of 1st period - Cody Franson is hit by P.K. Subban and loses puck.
5:59 of 1st period - Thomas Vanek is hit by Bryan Little and loses puck.
6:22 of 1st period - Niklas Kronwall is hit by Derek Stepan and loses puck.
6:25 of 1st period - Penalty to Evgeni Malkin is over, Evgeni Malkin is back on ice.
6:56 of 1st period - Penalty to Maxime Talbot is over, Maxime Talbot is back on ice.
7:00 of 1st period - Snap shot by P.K. Subban.
7:00 of 1st period - Shot Blocked by Patrik Elias.
7:27 of 1st period - Mark Letestu is hit by Tuomo Ruutu.
7:31 of 1st period - P.K. Subban is hit by Tuomo Ruutu and loses puck.
7:52 of 1st period - Wrist shot by Luke Schenn.
7:52 of 1st period - Shot Misses the Net.
8:10 of 1st period - Snap shot by Chris Neil.
8:10 of 1st period - Shot Misses the Net.
8:24 of 1st period - Kris Letang is hit by Marek Zidlicky and loses puck.
8:33 of 1st period - Cody Franson is hit by Cody McLeod and loses puck.
8:54 of 1st period - Snap shot by Bryan Little.
8:54 of 1st period - Stopped by Niklas Backstrom without a rebound.
8:55 of 1st period - Derek Stepan wins face-off versus Bryan Little in Wild zone.
9:06 of 1st period - Slapshot by Thomas Vanek.
9:06 of 1st period - Stopped by Corey Crawford with a rebound.
10:03 of 1st period - Minor Penalty to Brad Marchand for Hooking.
10:04 of 1st period - Evgeni Malkin wins face-off versus Patrik Elias in Wild zone.
10:40 of 1st period - Snap shot by Bryan Little.
10:40 of 1st period - Goal by Bryan Little - Wild : 0 - Flyers : 1.
10:41 of 1st period - Michal Handzus wins face-off versus Beau Bennett in neutral zone.
11:16 of 1st period - Wrist shot by Niklas Kronwall.
11:16 of 1st period - Deflect By Bryce Salvador.
11:16 of 1st period - Stopped by Niklas Backstrom with a rebound.
11:18 of 1st period - Slapshot by Niklas Kronwall.
11:18 of 1st period - Shot Misses the Net.
12:01 of 1st period - Snap shot by Jordan Eberle.
12:01 of 1st period - Shot Blocked by Niklas Kronwall.
12:03 of 1st period - Wrist shot by Patrik Elias.
12:03 of 1st period - Stopped by Corey Crawford without a rebound.
12:04 of 1st period - Mikko Koivu wins face-off versus Jerred Smithson in Flyers zone.
12:13 of 1st period - Backhand shot by Gabriel Landeskog.
12:13 of 1st period - Shot Blocked by Cody Franson.
12:15 of 1st period - Wrist shot by Gabriel Landeskog.
12:15 of 1st period - Shot Blocked by Jerred Smithson.
12:27 of 1st period - Slapshot by Dan Boyle.
12:27 of 1st period - Deflect By Chris Neil.
12:27 of 1st period - Shot Misses the Net.
12:27 of 1st period - Puck is out of play.
12:28 of 1st period - Evgeni Malkin wins face-off versus Derek Stepan in Flyers zone.
12:51 of 1st period - Slapshot by Derek Stepan.
12:51 of 1st period - Shot Misses the Net.
12:53 of 1st period - Slapshot by Alexandre Burrows.
12:53 of 1st period - Deflect By Thomas Vanek.
12:53 of 1st period - Shot Misses the Net.
12:53 of 1st period - Puck is out of play.
12:54 of 1st period - Mikko Koivu wins face-off versus Patrik Elias in Flyers zone.
12:56 of 1st period - Minor Penalty to Gabriel Landeskog for Hooking.
12:57 of 1st period - Mark Letestu wins face-off versus Thomas Vanek in Flyers zone.
13:01 of 1st period - Patrik Elias is hit by Jason Chimera and loses puck.
13:12 of 1st period - Snap shot by Jason Chimera.
13:12 of 1st period - Shot Misses the Net.
13:14 of 1st period - Slapshot by Jack Johnson.
13:14 of 1st period - Shot Misses the Net.
13:42 of 1st period - Backhand shot by Slava Voynov.
13:42 of 1st period - Goal by Slava Voynov - Wild : 0 - Flyers : 2.
13:43 of 1st period - Mark Letestu wins face-off versus Derek Stepan in neutral zone.
14:20 of 1st period - Slapshot by Mark Streit.
14:20 of 1st period - Stopped by Corey Crawford without a rebound.
14:21 of 1st period - Patrik Elias wins face-off versus Mark Letestu in Flyers zone.
14:30 of 1st period - Slapshot by Jordan Eberle.
14:30 of 1st period - Shot Misses the Net.
14:32 of 1st period - Snap shot by Cody Franson.
14:32 of 1st period - Stopped by Corey Crawford without a rebound.
14:33 of 1st period - Patrik Elias wins face-off versus Mikko Koivu in Flyers zone.
14:56 of 1st period - Penalty to Gabriel Landeskog is over, Gabriel Landeskog is back on ice.
15:06 of 1st period - Slapshot by Thomas Vanek.
15:06 of 1st period - Goal by Thomas Vanek - Wild : 1 - Flyers : 2.
15:07 of 1st period - Evgeni Malkin wins face-off versus Michal Handzus in neutral zone.
15:12 of 1st period - Snap shot by Evgeni Malkin.
15:12 of 1st period - Stopped by Niklas Backstrom with a rebound.
15:14 of 1st period - Slapshot by Niklas Kronwall.
15:14 of 1st period - Deflect By Evgeni Malkin.
15:14 of 1st period - Shot Misses the Net.
15:14 of 1st period - Puck is out of play.
15:15 of 1st period - Michal Handzus wins face-off versus Evgeni Malkin in Wild zone.
15:39 of 1st period - Snap shot by Taylor Hall.
15:39 of 1st period - Shot Hit the Post.
15:41 of 1st period - Slapshot by Niklas Kronwall.
15:41 of 1st period - Stopped by Niklas Backstrom without a rebound.
15:42 of 1st period - Patrik Elias wins face-off versus Mikko Koivu in Wild zone.
15:47 of 1st period - Snap shot by Patrik Elias.
15:47 of 1st period - Shot Misses the Net.
15:53 of 1st period - Snap shot by Patrik Elias.
15:53 of 1st period - Stopped by Corey Crawford with a rebound.
15:55 of 1st period - Slapshot by Bryce Salvador.
15:55 of 1st period - Shot Hit the Post.
16:18 of 1st period - Minor Penalty to Gabriel Landeskog for Interference.
16:19 of 1st period - Mark Letestu wins face-off versus Derek Stepan in Flyers zone.
16:35 of 1st period - Wrist shot by Alexandre Burrows.
16:35 of 1st period - Shot Misses the Net.
17:05 of 1st period - Snap shot by Jordan Eberle.
17:05 of 1st period - Shot Misses the Net.
17:07 of 1st period - Wrist shot by Dan Boyle.
17:07 of 1st period - Shot Misses the Net.
17:09 of 1st period - Wrist shot by Thomas Vanek.
17:09 of 1st period - Deflect By Patrik Elias.
17:09 of 1st period - Shot Misses the Net.
17:09 of 1st period - Puck is out of play.
17:10 of 1st period - Mark Letestu wins face-off versus Patrik Elias in Flyers zone.
18:18 of 1st period - Penalty to Gabriel Landeskog is over, Gabriel Landeskog is back on ice.
18:39 of 1st period - Snap shot by Dan Boyle.
18:39 of 1st period - Deflect By Mikko Koivu.
18:39 of 1st period - Stopped by Corey Crawford with a rebound.
19:03 of 1st period - Wrist shot by Tuomo Ruutu.
19:03 of 1st period - Stopped by Corey Crawford without a rebound.
19:04 of 1st period - Evgeni Malkin wins face-off versus Jerred Smithson in Flyers zone.
19:11 of 1st period - Wrist shot by Taylor Hall.
19:11 of 1st period - Shot Misses the Net.
19:21 of 1st period - Snap shot by Mark Streit.
19:21 of 1st period - Stopped by Corey Crawford with a rebound.
19:23 of 1st period - Wrist shot by Drew Miller.
19:23 of 1st period - Shot Misses the Net.
19:25 of 1st period - Snap shot by Jerred Smithson.
19:25 of 1st period - Stopped by Corey Crawford with a rebound.
19:27 of 1st period - Slapshot by Bryce Salvador.
19:27 of 1st period - Stopped by Corey Crawford with a rebound.
19:37 of 1st period - Snap shot by Drew Miller.
19:37 of 1st period - Shot Blocked by Taylor Hall.
19:39 of 1st period - Wrist shot by Bryce Salvador.
19:39 of 1st period - Shot Blocked by Jack Johnson.
19:41 of 1st period - Backhand shot by Bryce Salvador.
19:41 of 1st period - Deflect By Drew Miller.
19:41 of 1st period - Stopped by Corey Crawford without a rebound.
19:42 of 1st period - Derek Stepan wins face-off versus Beau Bennett in Flyers zone.
Goals for this period are 1 for Wild vs 2 for Flyers.
Shots for this period are 15 for Wild vs 9 for Flyers.

2nd period


0:01 of 2nd period - Jakub Voracek wins face-off versus Patrik Elias in neutral zone.
0:28 of 2nd period - Wrist shot by Evgeni Malkin.
0:28 of 2nd period - Shot Misses the Net.
0:34 of 2nd period - Snap shot by Evgeni Malkin.
0:34 of 2nd period - Deflect By Taylor Hall.
0:34 of 2nd period - Shot Misses the Net.
0:34 of 2nd period - Puck is out of play.
0:35 of 2nd period - Mikko Koivu wins face-off versus Alexandre Burrows in Wild zone.
0:36 of 2nd period - Snap shot by Bryan Little.
0:36 of 2nd period - Stopped by Niklas Backstrom with a rebound.
0:38 of 2nd period - Slapshot by Slava Voynov.
0:38 of 2nd period - Shot Blocked by Thomas Vanek.
1:02 of 2nd period - Wrist shot by Gabriel Landeskog.
1:02 of 2nd period - Stopped by Niklas Backstrom without a rebound.
1:03 of 2nd period - Michal Handzus wins face-off versus Mark Letestu in Wild zone.
1:30 of 2nd period - Backhand shot by Chris Kreider.
1:30 of 2nd period - Goal by Chris Kreider - Wild : 1 - Flyers : 3.
1:31 of 2nd period - Evgeni Malkin wins face-off versus Patrik Elias in neutral zone.
1:35 of 2nd period - Minor Penalty to Maxime Talbot for Interference.
1:36 of 2nd period - Thomas Vanek wins face-off versus Evgeni Malkin in Wild zone.
2:07 of 2nd period - Snap shot by Thomas Vanek.
2:07 of 2nd period - Deflect By Patrik Elias.
2:07 of 2nd period - Stopped by Corey Crawford without a rebound.
2:08 of 2nd period - Patrik Elias wins face-off versus Mikko Koivu in Flyers zone.
2:11 of 2nd period - Snap shot by Patrik Elias.
2:11 of 2nd period - Shot Misses the Net.
2:13 of 2nd period - Snap shot by Bryce Salvador.
2:13 of 2nd period - Stopped by Corey Crawford without a rebound.
2:14 of 2nd period - Mikko Koivu wins face-off versus Patrik Elias in Flyers zone.
2:18 of 2nd period - Off-side.
2:19 of 2nd period - Mikko Koivu wins face-off versus Patrik Elias in neutral zone.
2:48 of 2nd period - Wrist shot by Bryan Little.
2:48 of 2nd period - Shot Misses the Net.
3:35 of 2nd period - Penalty to Maxime Talbot is over, Maxime Talbot is back on ice.
3:46 of 2nd period - Backhand shot by Evgeni Malkin.
3:46 of 2nd period - Stopped by Niklas Backstrom without a rebound.
3:47 of 2nd period - Michal Handzus wins face-off versus Mark Letestu in Wild zone.
3:52 of 2nd period - Slapshot by Mark Streit.
3:52 of 2nd period - Stopped by Corey Crawford without a rebound.
3:53 of 2nd period - Mark Letestu wins face-off versus Michal Handzus in Flyers zone.
3:53 of 2nd period - Mark Letestu is hit by Tuomo Ruutu.
4:56 of 2nd period - Snap shot by Dan Boyle.
4:56 of 2nd period - Shot Misses the Net.
4:58 of 2nd period - Slapshot by Dan Boyle.
4:58 of 2nd period - Deflect By Chris Neil.
4:58 of 2nd period - Shot Blocked by P.K. Subban.
4:58 of 2nd period - Puck is out of play.
4:59 of 2nd period - Derek Stepan wins face-off versus Riley Nash in Flyers zone.
5:12 of 2nd period - Wrist shot by Derek Stepan.
5:12 of 2nd period - Stopped by Corey Crawford with a rebound.
5:14 of 2nd period - Wrist shot by Derek Stepan.
5:14 of 2nd period - Stopped by Corey Crawford with a rebound.
5:21 of 2nd period - Minor Penalty to Niklas Kronwall for Roughing.
5:22 of 2nd period - Derek Stepan wins face-off versus Mark Letestu in Flyers zone.
5:40 of 2nd period - Wrist shot by Derek Stepan.
5:40 of 2nd period - Shot Misses the Net.
5:42 of 2nd period - Wrist shot by Alexandre Burrows.
5:42 of 2nd period - Deflect By Derek Stepan.
5:42 of 2nd period - Stopped by Corey Crawford with a rebound.
5:44 of 2nd period - Wrist shot by Maxime Talbot.
5:44 of 2nd period - Stopped by Corey Crawford with a rebound.
6:30 of 2nd period - Mark Letestu is hit by Thomas Vanek and loses puck.
7:03 of 2nd period - Slapshot by Mark Streit.
7:03 of 2nd period - Deflect By Alexandre Burrows.
7:03 of 2nd period - Goal by Alexandre Burrows - Wild : 2 - Flyers : 3.
7:04 of 2nd period - Brad Marchand wins face-off versus Evgeni Malkin in neutral zone.
7:07 of 2nd period - Snap shot by Mark Streit.
7:07 of 2nd period - Shot Blocked by Niklas Kronwall.
7:27 of 2nd period - Brad Marchand is hit by Evgeni Malkin and loses puck.
7:58 of 2nd period - Bryce Salvador is hit by Gabriel Landeskog and loses puck.
8:23 of 2nd period - Slapshot by Drew Miller.
8:23 of 2nd period - Stopped by Corey Crawford with a rebound.
8:25 of 2nd period - Slapshot by Luke Schenn.
8:25 of 2nd period - Shot Blocked by Gabriel Landeskog.
8:52 of 2nd period - Snap shot by Jack Johnson.
8:52 of 2nd period - Stopped by Niklas Backstrom without a rebound.
8:53 of 2nd period - Riley Nash wins face-off versus Patrik Elias in Wild zone.
9:02 of 2nd period - Wrist shot by Jordan Eberle.
9:02 of 2nd period - Stopped by Corey Crawford without a rebound.
9:03 of 2nd period - Evgeni Malkin wins face-off versus Derek Stepan in Flyers zone.
10:03 of 2nd period - Brian Strait is hit by Derek Stepan and loses puck.
11:04 of 2nd period - Off-side.
11:05 of 2nd period - Michal Handzus wins face-off versus Riley Nash in neutral zone.
11:36 of 2nd period - Slapshot by Marek Zidlicky.
11:36 of 2nd period - Deflect By Brad Marchand.
11:36 of 2nd period - Shot Blocked by Kris Letang.
11:36 of 2nd period - Puck is out of play.
11:37 of 2nd period - Jakub Voracek wins face-off versus Jerred Smithson in Flyers zone.
12:53 of 2nd period - Wrist shot by Gabriel Landeskog.
12:53 of 2nd period - Stopped by Niklas Backstrom with a rebound.
12:55 of 2nd period - Slapshot by Niklas Kronwall.
12:55 of 2nd period - Shot Misses the Net.
12:57 of 2nd period - Slapshot by Kris Letang.
12:57 of 2nd period - Deflect By Jerred Smithson.
12:57 of 2nd period - Stopped by Niklas Backstrom with a rebound.
13:21 of 2nd period - Slapshot by Chris Kreider.
13:21 of 2nd period - Shot Misses the Net.
13:23 of 2nd period - Slapshot by Jason Chimera.
13:23 of 2nd period - Stopped by Niklas Backstrom without a rebound.
13:24 of 2nd period - Derek Stepan wins face-off versus Beau Bennett in Wild zone.
13:32 of 2nd period - Minor Penalty to Cody McLeod for Interference.
13:33 of 2nd period - Mark Letestu wins face-off versus Patrik Elias in Flyers zone.
14:04 of 2nd period - Snap shot by Jordan Eberle.
14:04 of 2nd period - Stopped by Corey Crawford with a rebound.
14:22 of 2nd period - Wrist shot by Derek Stepan.
14:22 of 2nd period - Deflect By Alexandre Burrows.
14:22 of 2nd period - Shot Blocked by Mark Letestu.
14:22 of 2nd period - Puck is out of play.
14:23 of 2nd period - Mark Letestu wins face-off versus Alexandre Burrows in Flyers zone.
14:23 of 2nd period - Mark Letestu is hit by Maxime Talbot.
15:31 of 2nd period - Mikko Koivu is hit by Thomas Vanek and loses puck.
15:32 of 2nd period - Penalty to Cody McLeod is over, Cody McLeod is back on ice.
15:52 of 2nd period - Slapshot by Cody Franson.
15:52 of 2nd period - Stopped by Corey Crawford with a rebound.
15:54 of 2nd period - Snap shot by Cody Franson.
15:54 of 2nd period - Stopped by Corey Crawford with a rebound.
15:56 of 2nd period - Snap shot by Brad Marchand.
15:56 of 2nd period - Shot Blocked by Jack Johnson.
16:25 of 2nd period - Kris Letang is hit by Alexandre Burrows and loses puck.
16:56 of 2nd period - Wrist shot by Drew Miller.
16:56 of 2nd period - Shot Misses the Net.
16:58 of 2nd period - Slapshot by Luke Schenn.
16:58 of 2nd period - Deflect By Drew Miller.
16:58 of 2nd period - Stopped by Corey Crawford with a rebound.
17:41 of 2nd period - Cody Franson is hit by Slava Voynov.
19:36 of 2nd period - Backhand shot by Evgeni Malkin.
19:36 of 2nd period - Shot Misses the Net.
19:44 of 2nd period - Niklas Kronwall is hit by Tuomo Ruutu and loses puck.
Goals for this period are 1 for Wild vs 1 for Flyers.
Shots for this period are 14 for Wild vs 8 for Flyers.

3rd period


0:01 of 3rd period - Evgeni Malkin wins face-off versus Derek Stepan in neutral zone.
0:30 of 3rd period - Wrist shot by Evgeni Malkin.
0:30 of 3rd period - Shot Misses the Net.
0:40 of 3rd period - Niklas Kronwall is hit by Thomas Vanek.
1:53 of 3rd period - Brad Marchand is hit by Chris Kreider and loses puck.
1:59 of 3rd period - Icing by Michal Handzus.
2:00 of 3rd period - Riley Nash wins face-off versus Michal Handzus in Wild zone.
2:01 of 3rd period - Slapshot by P.K. Subban.
2:01 of 3rd period - Shot Misses the Net.
2:03 of 3rd period - Snap shot by Jack Johnson.
2:03 of 3rd period - Deflect By Beau Bennett.
2:03 of 3rd period - Shot Misses the Net.
2:03 of 3rd period - Puck is out of play.
2:04 of 3rd period - Derek Stepan wins face-off versus Riley Nash in Wild zone.
2:31 of 3rd period - Snap shot by P.K. Subban.
2:31 of 3rd period - Deflect By Riley Nash.
2:31 of 3rd period - Shot Misses the Net.
2:31 of 3rd period - Puck is out of play.
2:32 of 3rd period - Patrik Elias wins face-off versus Evgeni Malkin in Wild zone.
2:58 of 3rd period - Slapshot by Taylor Hall.
2:58 of 3rd period - Shot Misses the Net.
3:00 of 3rd period - Snap shot by Niklas Kronwall.
3:00 of 3rd period - Stopped by Niklas Backstrom without a rebound.
3:01 of 3rd period - Mikko Koivu wins face-off versus Derek Stepan in Wild zone.
3:58 of 3rd period - Jack Johnson is hit by Tuomo Ruutu and loses puck.
4:10 of 3rd period - Michal Handzus is hit by Chris Kreider and loses puck.
4:35 of 3rd period - Wrist shot by Evgeni Malkin.
4:35 of 3rd period - Shot Blocked by Brad Marchand.
4:37 of 3rd period - Slapshot by Niklas Kronwall.
4:37 of 3rd period - Goal by Niklas Kronwall - Wild : 2 - Flyers : 4.
4:37 of 3rd period - Antti Niemi enters game.
4:38 of 3rd period - Evgeni Malkin wins face-off versus Patrik Elias in neutral zone.
5:35 of 3rd period - Mikko Koivu is hit by Cody Franson and loses puck.
5:53 of 3rd period - Slapshot by Mikko Koivu.
5:53 of 3rd period - Shot Misses the Net.
5:55 of 3rd period - Wrist shot by Slava Voynov.
5:55 of 3rd period - Stopped by Antti Niemi with a rebound.
6:23 of 3rd period - Jerred Smithson is hit by Slava Voynov and loses puck.
6:36 of 3rd period - Slapshot by Chris Kreider.
6:36 of 3rd period - Deflect By Mark Letestu.
6:36 of 3rd period - Stopped by Antti Niemi with a rebound.
6:38 of 3rd period - Snap shot by Jason Chimera.
6:38 of 3rd period - Shot Blocked by Marek Zidlicky.
8:15 of 3rd period - Bryce Salvador is hit by Bryan Little and loses puck.
8:22 of 3rd period - Bryce Salvador is hit by Gabriel Landeskog and loses puck.
8:55 of 3rd period - Icing by Derek Stepan.
8:56 of 3rd period - Mark Letestu wins face-off versus Derek Stepan in Wild zone.
9:01 of 3rd period - Snap shot by Slava Voynov.
9:01 of 3rd period - Stopped by Antti Niemi with a rebound.
9:03 of 3rd period - Slapshot by Slava Voynov.
9:03 of 3rd period - Shot Blocked by Bryce Salvador.
9:05 of 3rd period - Slapshot by Brian Strait.
9:05 of 3rd period - Stopped by Antti Niemi with a rebound.
9:31 of 3rd period - Slapshot by Slava Voynov.
9:31 of 3rd period - Stopped by Antti Niemi with a rebound.
9:33 of 3rd period - Snap shot by Slava Voynov.
9:33 of 3rd period - Shot Hit the Post.
9:57 of 3rd period - Snap shot by Taylor Hall.
9:57 of 3rd period - Shot Blocked by Derek Stepan.
9:59 of 3rd period - Snap shot by Jack Johnson.
9:59 of 3rd period - Shot Misses the Net.
10:01 of 3rd period - Snap shot by P.K. Subban.
10:01 of 3rd period - Stopped by Antti Niemi with a rebound.
10:03 of 3rd period - Slapshot by P.K. Subban.
10:03 of 3rd period - Deflect By Bryce Salvador.
10:03 of 3rd period - Stopped by Antti Niemi with a rebound.
10:05 of 3rd period - Slapshot by Jack Johnson.
10:05 of 3rd period - Deflect By Evgeni Malkin.
10:05 of 3rd period - Shot Misses the Net.
10:05 of 3rd period - Puck is out of play.
10:06 of 3rd period - Patrik Elias wins face-off versus Riley Nash in Wild zone.
10:06 of 3rd period - Patrik Elias is hit by Riley Nash.
11:13 of 3rd period - Minor Penalty to Brad Marchand for Elbowing.
11:14 of 3rd period - Patrik Elias wins face-off versus Evgeni Malkin in Wild zone.
11:34 of 3rd period - Wrist shot by Evgeni Malkin.
11:34 of 3rd period - Stopped by Antti Niemi without a rebound.
11:35 of 3rd period - Patrik Elias wins face-off versus Mikko Koivu in Wild zone.
12:19 of 3rd period - Snap shot by Patrik Elias.
12:19 of 3rd period - Shot Misses the Net.
12:21 of 3rd period - Slapshot by Bryce Salvador.
12:21 of 3rd period - Stopped by Corey Crawford without a rebound.
12:22 of 3rd period - Patrik Elias wins face-off versus Evgeni Malkin in Flyers zone.
13:09 of 3rd period - Niklas Kronwall is hit by Jerred Smithson and loses puck.
13:13 of 3rd period - Penalty to Brad Marchand is over, Brad Marchand is back on ice.
13:23 of 3rd period - P.K. Subban is hit by Jerred Smithson and loses puck.
13:44 of 3rd period - Jason Chimera is hit by Luke Schenn and loses puck.
14:51 of 3rd period - Snap shot by Jordan Eberle.
14:51 of 3rd period - Shot Misses the Net.
15:06 of 3rd period - Slapshot by Chris Neil.
15:06 of 3rd period - Shot Misses the Net.
15:17 of 3rd period - Slapshot by Marek Zidlicky.
15:17 of 3rd period - Shot Blocked by P.K. Subban.
15:39 of 3rd period - Niklas Kronwall is hit by Luke Schenn and loses puck.
15:57 of 3rd period - Snap shot by Brad Marchand.
15:57 of 3rd period - Shot Blocked by Riley Nash.
15:59 of 3rd period - Snap shot by Michal Handzus.
15:59 of 3rd period - Stopped by Corey Crawford without a rebound.
16:00 of 3rd period - Evgeni Malkin wins face-off versus Brad Marchand in Flyers zone.
16:00 of 3rd period - Evgeni Malkin is hit by Brad Marchand.
16:14 of 3rd period - Snap shot by Evgeni Malkin.
16:14 of 3rd period - Shot Misses the Net.
16:26 of 3rd period - Backhand shot by Evgeni Malkin.
16:26 of 3rd period - Shot Misses the Net.
16:28 of 3rd period - Slapshot by Slava Voynov.
16:28 of 3rd period - Shot Misses the Net.
16:30 of 3rd period - Snap shot by Slava Voynov.
16:30 of 3rd period - Deflect By Jakub Voracek.
16:30 of 3rd period - Shot Misses the Net.
16:30 of 3rd period - Puck is out of play.
16:31 of 3rd period - Mikko Koivu wins face-off versus Patrik Elias in Wild zone.
16:44 of 3rd period - Snap shot by Bryan Little.
16:44 of 3rd period - Shot Misses the Net.
16:54 of 3rd period - Snap shot by Bryan Little.
16:54 of 3rd period - Deflect By Patrik Elias.
16:54 of 3rd period - Stopped by Antti Niemi with a rebound.
16:56 of 3rd period - Snap shot by Gabriel Landeskog.
16:56 of 3rd period - Deflect By Mikko Koivu.
16:56 of 3rd period - Flyers goal is going for a video replay.
16:56 of 3rd period - The goal is refused. The attacking player has interfered with a goalkeeper in his goal crease..
16:57 of 3rd period - Jerred Smithson wins face-off versus Mark Letestu in Wild zone.
17:02 of 3rd period - Slapshot by Dan Boyle.
17:02 of 3rd period - Shot Blocked by Brian Strait.
17:10 of 3rd period - Snap shot by Cody Franson.
17:10 of 3rd period - Shot Misses the Net.
17:18 of 3rd period - Snap shot by Chris Kreider.
17:18 of 3rd period - Goal by Chris Kreider - Wild : 2 - Flyers : 5.
17:19 of 3rd period - Derek Stepan wins face-off versus Taylor Hall in neutral zone.
17:28 of 3rd period - Snap shot by Thomas Vanek.
17:28 of 3rd period - Shot Blocked by Niklas Kronwall.
17:30 of 3rd period - Wrist shot by Thomas Vanek.
17:30 of 3rd period - Stopped by Corey Crawford with a rebound.
17:32 of 3rd period - Slapshot by Cody Franson.
17:32 of 3rd period - Shot Misses the Net.
17:34 of 3rd period - Snap shot by Thomas Vanek.
17:34 of 3rd period - Deflect By Derek Stepan.
17:34 of 3rd period - Shot Blocked by Niklas Kronwall.
17:34 of 3rd period - Puck is out of play.
17:35 of 3rd period - Evgeni Malkin wins face-off versus Derek Stepan in Flyers zone.
18:00 of 3rd period - Wrist shot by Derek Stepan.
18:00 of 3rd period - Deflect By Thomas Vanek.
18:00 of 3rd period - Stopped by Corey Crawford with a rebound.
18:04 of 3rd period - Snap shot by Thomas Vanek.
18:04 of 3rd period - Shot Misses the Net.
18:14 of 3rd period - Dan Boyle is hit by Niklas Kronwall and loses puck.
18:21 of 3rd period - Kris Letang is hit by Patrik Elias.
19:53 of 3rd period - Minor Penalty to Bryce Salvador for Roughing.
19:54 of 3rd period - Evgeni Malkin wins face-off versus Patrik Elias in Wild zone.
Goals for this period are 0 for Wild vs 2 for Flyers.
Shots for this period are 4 for Wild vs 13 for Flyers.


Output by the SimonT Hockey Simulator (STHS) for Eric Dolegowski -- Original Page W3C XHTML 1.0 Valid
Hockey Simulator - Hockey Simulation - Hockey Manager